 Dungeon Crawl Stone Soup version 0.32-a0-360-gcd93b57ba1 (webtiles) character file.

Game seed: 8228034497974493287

298 nightchill the Chopper (level 6, -3/56 HPs)
             Began as a Mountain Dwarf Fighter on Feb 18, 2024.
             Was an Initiate of Beogh.
             Slain by an orc
             ... wielding a +1 trident of flaming
              (7 damage)
             ... on level 4 of the Dungeon.
             The game lasted 00:05:37 (2185 turns).

nightchill the Chopper (Mountain Dwarf Fighter)     Turns: 2185, Time: 00:05:38

Health: -3/56      AC: 13    Str: 18    XL:     6   Next: 13%
Magic:  6/6        EV:  7    Int: 11    God:    Beogh [......]
Gold:   108        SH:  4    Dex:  9    Spells: 5/5 levels left

rFire   . . .        a - +0 war axe
rCold   . . .        c - +0 buckler
rNeg    . . .        t - +0 chain mail
rPois   +            (no helmet)
rElec   .            p - +2 cloak {rPois}
rCorr   .            (no gloves)
SInv    .            h - +0 pair of boots
Will    .....        (no amulet) Stlth
                     (no ring)
HPRegen 0.29/turn    (no ring)
MPRegen 0.10/turn

%: no passive effects
@: mighty
A: runic magic, artefact enchanting
a: Renounce Religion


You were on level 4 of the Dungeon.
You worshipped Beogh.
Beogh was noncommittal.
You visited 1 branch of the dungeon, and saw 4 of its levels.

You collected 108 gold pieces.

Inventory:

Hand Weapons
 a - a +0 war axe (weapon)
Missiles
 n - 13 poisoned darts (quivered)
Armour
 c - a +0 buckler (worn)
 h - a +0 pair of boots (worn)
 p - a +2 cloak of poison resistance (worn)
 t - a +0 chain mail (worn)
Jewellery
 k - the amulet "Tibi" {RegenMP rCorr Str-4 Dex+5}
   (You found it on level 2 of the Dungeon)

   [amulet of magic regeneration]

   RegenMP:   It increases your rate of magic regeneration.
   Str-4:     It affects your strength (-4).
   Dex+5:     It affects your dexterity (+5).
   rCorr:     It protects you from acid and corrosion.
 m - a ring of ice
 r - a ring of wizardry
Scrolls
 g - 2 scrolls of teleportation
 j - a scroll of acquirement {unknown}
 l - 2 scrolls of fear
 q - a scroll of noise {unknown}
 s - a scroll of immolation
 u - a scroll of vulnerability {unknown}
Potions
 b - a potion of magic {unknown}
 d - 2 potions of might
 e - a potion of attraction {unknown}
 f - a potion of cancellation {unknown}
 i - 2 potions of haste {unknown}
 o - a potion of brilliance {unknown}
 v - a potion of enlightenment {unknown}


   Skills:
 + Level 5.1 Fighting
 * Level 6.5 Axes
 - Level 3.2 Armour
 - Level 3.2 Shields


You had 5 spell levels left.
You didn't know any spells.
Your spell library was empty.

Dungeon Overview and Level Annotations

Branches:
Dungeon (4/15)
 Temple: D:4-7

Altars:
Dithmenos
Kikubaaqudgha
Makhleb
Vehumet
Xom

Annotations:
D:3 1 runed translucent door, exclusion: door, Crazy Yiuf


Innate Abilities, Weirdness & Mutations

Your spellcasting is much less encumbered by armour.
You can use scrolls of enchantment on lesser artefacts.


Message History

You barely miss the iguana.
The orc hits you from afar with a +1 trident of flaming.
The orc burns you. The iguana bites you!
* * * LOW HITPOINT WARNING * * *
You slash the iguana!
The iguana is severely wounded.
The orc hits you from afar with a +1 trident of flaming.
* * * LOW HITPOINT WARNING * * *
The orc burns you.
* * * LOW HITPOINT WARNING * * *
The iguana closely misses you. The iguana bites you.
* * * LOW HITPOINT WARNING * * *
You block the orc's attack.
You feel very mighty all of a sudden. The orc completely misses you.
The iguana bites you.
* * * LOW HITPOINT WARNING * * *
You hit the iguana.
The iguana is severely wounded.
The orc hits you but does no damage.
The iguana bites you but does no damage.
You slash the iguana!
You kill the iguana!
Beogh accepts your kill. The orc hits you but does no damage.
You hit the orc.
The orc is heavily wounded.
The orc hits you but does no damage. The orc barely misses you.
You hit the orc but do no damage.
The orc is heavily wounded.
The orc hits you from afar with a +1 trident of flaming!
* * * LOW HITPOINT WARNING * * *
The orc burns you.
* * * LOW HITPOINT WARNING * * *
The orc hits you but does no damage.
You barely miss the orc.
The orc is heavily wounded.
The orc barely misses you. The orc hits you but does no damage.
The orc hits you from afar with a +1 trident of flaming!
You die...
Beogh appreciates the orc's killing of a heretic priest.

#+#####...#####'####..#.#
+.....#...#.....†..#..+.#
#.....#...#.....#..#..#.#
#.....'...'.....####..#.#
#.....#...#.....#..#....##.
+.....#...#.....'†.#.......
#+#####...#####'#####lo....
#..#...#..#..####..o....
#..'...@..#..##..o##..).
####..o#######o.### .o.
##.o.....l..## ..
############ .


You could see 2 orcs.

Vanquished Creatures
  A scorpion (D:4)
  An iguana (D:4)
  8 adders
  A dart slug (D:2)
  A ribbon worm (D:2)
  14 orcs
  3 endoplasms (D:2)
  3 giant cockroaches
  5 hobgoblins
  7 jackals (D:3)
  3 quokkas
  3 ball pythons
  8 bats
  A frilled lizard (D:2)
  5 goblins
  6 kobolds
  4 rats
74 creatures vanquished.

Notes
Turn   | Place    | Note
-------+----------+-------------------------------------------
     0 | D:1      | nightchill the Mountain Dwarf Fighter began the quest for
                  | the Orb.
     0 | D:1      | Reached XP level 1. HP: 19/19 MP: 1/1
    75 | D:1      | Reached skill level 3 in Axes
    76 | D:1      | Reached XP level 2. HP: 25/26 MP: 2/2
   524 | D:2      | Reached XP level 3. HP: 26/33 MP: 3/3
   566 | D:2      | Reached skill level 4 in Axes
   568 | D:2      | Identified the amulet "Tibi" {RegenMP rCorr Str-4 Dex+5}
  1001 | D:3      | Found a shimmering altar of Xom.
  1012 | D:3      | Reached XP level 4. HP: 40/40 MP: 4/4
  1032 | D:3      | Found a burning altar of Makhleb.
  1032 | D:3      | Found a shadowy altar of Dithmenos.
  1068 | D:3      | Found an ancient bone altar of Kikubaaqudgha.
  1073 | D:3      | Found a faded altar of an unknown god.
  1216 | D:3      | Reached skill level 5 in Axes
  1277 | D:3      | Found a radiant altar of Vehumet.
  1417 | D:3      | Reached XP level 5. HP: 46/47 MP: 5/5
  1706 | D:3      | Found a runed translucent door.
  1707 | D:3      | Noticed Crazy Yiuf
  1818 | D:3      | Became a worshipper of Beogh the Shepherd
  2103 | D:4      | Reached skill level 6 in Axes
  2126 | D:4      | Reached skill level 5 in Fighting
  2126 | D:4      | Reached XP level 6. HP: 55/56 MP: 6/6
  2185 | D:4      | Slain by an orc

Illustrated notes

Levels and vault maps discovered:
D:1:      lightli_arrival_maybe_door_vault, layout_rooms, feat_on_display
D:2:      layout_basic, minmay_tripent
D:3:      layout_loops_ring, nicolae_overflow_quartered_altars,
          nicolae_vehumet_altar_sigil, chequers_ecumenical_altar_simple,
          uniq_crazy_yiuf_cottage
D:4:      layout_basic, minmay_snake_closets

Skill      XL: |  1  2  3  4  5 |
---------------+----------------+-----
Axes           | 3 4 5 6 |  6.5
Fighting       | 4 5 |  5.1
Armour         | |  3.2
Shields        | |  3.2

Action                     |  1- 3 |  4- 6 || total
---------------------------+-------+-------++-------
  Melee: War axe           |    73 |   153 ||   226
 Invoke: Convert to Beogh  |       |     1 ||     1
    Use: Scroll            |     1 |     2 ||     3
         Potion            |       |     1 ||     1
 Armour: Scale mail        |    55 |    63 ||   118
         Chain mail        |       |    59 ||    59
  Dodge: Dodged            |    37 |    66 ||   103
  Block: Buckler           |    20 |    30 ||    50

Table legend: (Time is in decaauts)
 A = Elapsed time spent in this place.
 B = Non-inter-level travel time spent in this place.
 C = Inter-level travel time spent in this place.
 D = Time resting spent in this place.
 E = Time spent auto-exploring this place.
 F = Levels seen in this place.
 G = Mean time per level.
                   A        B        C        D        E       F      G
               +--------+--------+--------+--------+--------+-----+--------+
         Total |   2251 |   2047 |    204 |     86 |   1286 |   4 |  562.8 |
       Dungeon |   2251 |   2047 |    204 |     86 |   1286 |   4 |  562.8 |
               +--------+--------+--------+--------+--------+-----+--------+

Top non-repeatable levels by time:
     D:3: 928 daAuts
     D:2: 601 daAuts
     D:1: 423 daAuts
     D:4: 297 daAuts
